 Dungeon Crawl Stone Soup version 0.19.1 (webtiles) character file.

115 Host24 the Bolt Thrower (level 5, -4/35 HPs)
             Began as a Kobold Hunter on Dec 31, 2016.
             Slain by a gnoll
             ... wielding a +1 vampiric spear
              (7 damage)
             ... on level 4 of the Dungeon.
             The game lasted 00:04:19 (2713 turns).

Host24 the Bolt Thrower (Kobold Hunter)             Turns: 2713, Time: 00:04:20

Health: -4/35      AC:  5    Str:  9    XL:     5   Next: 20%
Magic:  5/5        EV: 15    Int: 12    God:
Gold:   97         SH:  0    Dex: 17    Spells: 0 memorised, 4 levels left

rFire  . . .     SeeInvis .     a - +1 hand crossbow
rCold  . . .     Gourm    .     c - +0 leather armour
rNeg   . . .     Faith    .     (shield restricted)
rPois  .         Spirit   .     i - +0 helmet
rElec  .         Reflect  .     (no cloak)
rCorr  .         Harm     .     A - +0 pair of gloves
MR     .....                    (no boots)
Stlth  ++........               (no amulet)
                                (no ring)
                                (no ring)

@: no status effects
A: carnivore 3
a: no special abilities


You were on level 4 of the Dungeon.
You were completely stuffed.

You visited 1 branch of the dungeon, and saw 4 of its levels.

You collected 97 gold pieces.

Inventory:

Hand Weapons
 a - a +1 hand crossbow (weapon)
 b - a +0 short sword
Missiles
 d - 6 bolts (quivered)
 g - 15 arrows
 h - 107 stones
 B - 19 sling bullets
Armour
 c - a +0 leather armour (worn)
 i - a +0 helmet (worn)
 A - a +0 pair of gloves (worn)
Jewellery
 l - an uncursed ring of stealth {unknown}
 x - a cursed ring of ice {unknown}
 y - an uncursed ring of fire {unknown}
Scrolls
 e - 2 scrolls of blinking {unknown}
 j - 4 scrolls of teleportation {unknown}
 m - 3 scrolls of remove curse {unknown}
 q - a scroll of enchant armour {unknown}
 s - a scroll of recharging {unknown}
 u - a scroll of amnesia {unknown}
 v - a scroll of identify {unknown}
Potions
 k - a potion of cancellation {unknown}
 n - a potion of lignification {unknown}
 o - a potion of brilliance {unknown}
 p - 4 potions of curing {unknown}
 r - a potion of mutation {unknown}
 t - a potion of degeneration {unknown}
 w - a potion of magic {unknown}
 z - a potion of heal wounds {unknown}
Comestibles
 f - 4 meat rations


   Skills:
 + Level 5.0 Fighting
 - Level 5.0 Crossbows
 - Level 3.0 Dodging
 - Level 1.3 Stealth


You had 4 spell levels left.
You didn't know any spells.

Dungeon Overview and Level Annotations

Branches:
Dungeon (4/15)
 Temple: D:4-7

Altars:


Innate Abilities, Weirdness & Mutations

You are small and have problems with some larger weapons.
You are carnivorous and can eat meat at any time.


Message History

The bolt barely misses the gnoll.
The gnoll barely misses you. The gnoll hits you but does no damage.
The gnoll closely misses you. The gnoll barely misses you.
The gnoll closely misses you.
The gnoll shaman calls upon its god to speed up the gnoll.
The gnoll seems to speed up.
Firing (i - inventory. (,) - cycle):
d - 7 bolts (quivered)
Press: ? - help, Shift-Dir - straight line, f/p - gnoll shaman
Aim: a gnoll shaman, wielding a club and wearing a leather armour (almost dead)
You shoot a bolt.
The bolt closely misses the gnoll shaman.
The bolt closely misses the gnoll.
The gnoll completely misses you. The gnoll barely misses you.
The gnoll misses you. The gnoll hits you with a whip.
The gnoll hits you from afar with a spear!
* * * LOW HITPOINT WARNING * * *
The gnoll shaman mumbles some strange prayers to its god against you.
You resist with some effort. The gnoll completely misses you.
The gnoll misses you.
The gnoll hits you from afar with a vampiric spear!
You die...

..........#........#
..........#........#
######...###.#########
#'#####.######..##
#.(..............#
#...........>....#
#........†.......#
#.......g........#
#.(....(gg@......#
###..##.g###...#########
######..###+###...###.##..##
#.......#.........#...#....#
#.......#.........'...#....#
#.......#.........#...#....#
#.......#.........#...'....#
###############+####.###+###
##.###..##


You could see a gnoll shaman and 3 gnolls.

Vanquished Creatures
  Ijyb (D:2)
  A gnoll (D:4)
  2 adders
  2 oozes
  A worm (D:4)
  A dart slug (D:3)
  3 leopard geckos
  2 goblins
  3 hobgoblins
  2 quokkas (D:2)
  2 ball pythons
  12 bats
  3 frilled lizards
  8 kobolds
  7 rats
50 creatures vanquished.

Notes
Turn   | Place    | Note
-------+----------+-------------------------------------------
     0 | D:1      | Host24 the Kobold Hunter began the quest for the Orb.
     0 | D:1      | Reached XP level 1. HP: 12/12 MP: 1/1
   355 | D:1      | Reached XP level 2. HP: 14/18 MP: 2/2
   907 | D:1      | Reached XP level 3. HP: 16/23 MP: 3/3
  1076 | D:2      | Reached skill level 5 in Crossbows
  1115 | D:2      | Noticed Ijyb
  1133 | D:2      | Killed Ijyb
  1133 | D:2      | Reached XP level 4. HP: 28/29 MP: 4/4
  2291 | D:3      | Reached XP level 5. HP: 28/34 MP: 5/5
  2546 | D:4      | Noticed an ogre
  2704 | D:4      | Reached skill level 5 in Fighting
  2713 | D:4      | Slain by a gnoll

Skill      XL: |  1  2  3  4  5 |
---------------+----------------+-----
Fighting       | 3 4 5 |  5.0
Dodging        | 3 |  3.0
Crossbows      | 5 |  5.0
Stealth        | |  1.3

Action                   |  1- 3 |  4- 6 || total
-------------------------+-------+-------++-------
Melee: Short sword       |    70 |   115 ||   185
 Fire: Hand crossbow     |     5 |    15 ||    20
 Stab: Sleeping          |     2 |     3 ||     5
  Eat: Chunk             |     9 |     5 ||    14
Armor: Leather armour    |    21 |    47 ||    68
Dodge: Dodged            |    82 |   134 ||   216
